 Dungeon Crawl Stone Soup version 0.15-a0-1081-gb32516e (webtiles) character file.

206 Rycklaryybbe the Changer (level 5, 0/33 HPs)
             Began as an Octopode Transmuter on May 28, 2014.
             Killed by divine providence
             ... invoked by an orc priest
              (12 damage)
             ... on Level 3 of the Dungeon.
             The game lasted 00:13:59 (3732 turns).

Rycklaryybbe the Changer (Octopode Transmuter)      Turns: 3732, Time: 00:13:59

HP   0/33        AC  1     Str  9      XL: 5   Next: 84%
MP   9/9         EV 12     Int 15      God:
Gold 74          SH  0     Dex 14      Spells:  2 memorised,  4 levels left

rFire  . . .     SeeInvis .     o - +1,+2 dagger (holy)
rCold  . . .     Clarity  .     (no shield)
rNeg   . . .     Conserve .     (helmet restricted)
rPois  .         rCorr    .     (no amulet)
rElec  .         rRot     .     (no ring)
SustAb .         Spirit   .     (no ring)
rMut   .         Warding  .     (no ring)
Gourm  .         Stasis   .     (no ring)
MR     .....                    (no ring)
                                (no ring)
                                (no ring)
                                (no ring)

@: not resistant to hostile enchantments, stealthy
A: almost no armour, amphibious, 8 rings, constrict 8, camouflage 1, gelatinous
body 1
a: no special abilities


You were on level 3 of the Dungeon.
You were not hungry.

You visited 1 branch of the dungeon, and saw 3 of its levels.

You collected 74 gold pieces.

Inventory:

Hand weapons
 k - a +0,+0 short sword
 m - a +0,+2 dagger of venom
 o - a +1,+2 dagger of holy wrath (weapon)
Missiles
 b - 12 arrows
 l - 30 poisoned needles
Armour
 f - a +0 large shield
Magical devices
 z - a wand of magic darts (0)
Comestibles
 a - 2 bread rations
 w - a meat ration
 C - a rotting chunk of worm flesh
Scrolls
 e - 2 scrolls of identify
 h - a scroll of enchant weapon II {unknown}
 j - a scroll of immolation
 n - a scroll of recharging {unknown}
 t - a scroll of amnesia {unknown}
 u - a scroll of blinking {unknown}
 v - a scroll of teleportation
 y - a scroll of enchant armour {unknown}
Jewellery
 c - an uncursed amulet of inaccuracy
 q - an uncursed amulet of stasis
Potions
 g - a potion of brilliance {unknown}
 i - a potion of curing
 r - 2 potions of resistance
 s - 3 potions of restore abilities
 x - a potion of flight
 B - a potion of lignification
Books
 d - a book of Changes

   Spells                             Type                      Level
   *Beastly Appendage                 Transmutation                1
   Sticks to Snakes                   Transmutation                2
   *Spider Form                       Transmutation/Poison         3
   Ice Form                           Ice/Transmutation            4
   Blade Hands                        Transmutation                5


   Skills:
 - Level 1.0 Fighting
 - Level 2.0 Dodging
 - Level 4.0 Stealth
 - Level 3.0 Unarmed Combat
 - Level 2.0 Spellcasting
 * Level 4.3 Transmutations
 + Level 2.6 Poison Magic


You had 4 spell levels left.
You knew the following spells:

 Your Spells              Type           Power        Failure   Level  Hunger
a - Beastly Appendage     Trmt           ##....       4%          1    #......
b - Spider Form           Trmt/Pois      ##........   17%         3    ####...


Dungeon Overview and Level Annotations

Branches:
Dungeon (3/15)

Altars:
Makhleb
Vehumet
Zin

Annotations:
D:3 Crazy Yiuf


Innate Abilities, Weirdness & Mutations

You cannot wear most types of armour.
You are amphibious.
You can wear up to eight rings at the same time.*
You can use your tentacles to constrict many enemies at once.*
Your skin changes colour to match your surroundings (Stealth).*
Your rubbery body absorbs attacks (AC +1).*


Message History

You hit the orc priest but do no damage.
The orc priest is lightly wounded.
You constrict the orc priest, but do no damage.
The orc priest hits you with a war axe!
You hit the orc priest but do no damage.
You squeeze the orc priest.
The orc priest is heavily wounded.
You constrict the orc priest.
You hit the orc priest but do no damage.
You squeeze the orc priest.
The orc priest is severely wounded.
You constrict the orc priest, but do no damage.
The orc priest invokes the aid of Beogh against you.
Something smites you!
You hit the orc priest but do no damage.
The orc priest is severely wounded.
You constrict the orc priest, but do no damage.
The orc priest calls down the wrath of Beogh upon you.
Something smites you!
You die...

.......# #.........# ######.#
#.........# ######'###
#.........# .........#
#.........#
.........###.........#
.........'.'.).......#####
.........###.............#
.........# ###'#########.##
.........# #.<@.# #..#
####...### ####o## ##'#
####.#### #..# ##.##
........# ######'#####...##
........# #.......o.#.....#
........#####.........##_._##
...........)o..........#####
........#####............#
#....#### #............#


You could see an orc priest.

Vanquished Creatures
  A crimson imp (D:3)
  2 orc wizards (D:3)
  4 adders
  A worm (D:3)
  A giant mite (D:1)
  2 oozes
  6 orcs (D:3)
  3 ball pythons
  6 bats
  11 goblins
  6 hobgoblins
  5 giant cockroaches
  A giant gecko (D:2)
  4 giant newts
  5 kobolds
  2 quokkas
  4 rats (D:1)
64 creatures vanquished.

Notes
Turn   | Place    | Note
--------------------------------------------------------------
     0 | D:1      | Rycklaryybbe, the Octopode Transmuter, began the quest for the Orb.
     0 | D:1      | Reached XP level 1. HP: 13/13 MP: 3/3
    53 | D:1      | Reached skill level 1 in Stealth
   256 | D:1      | Reached XP level 2. HP: 9/18 MP: 4/4
   833 | D:1      | Reached XP level 3. HP: 6/23 MP: 6/6
  1186 | D:1      | Reached skill level 4 in Stealth
  1335 | D:2      | Learned a level 3 spell: Spider Form
  2236 | D:3      | Reached XP level 4. HP: 21/28 MP: 7/7
  2344 | D:3      | Reached skill level 1 in Poison Magic
  2964 | D:3      | Noticed Crazy Yiuf
  3067 | D:3      | Reached XP level 5. HP: 24/33 MP: 9/9
  3365 | D:3      | Found a glowing silver altar of Zin.
  3587 | D:3      | Found a burning altar of Makhleb.
  3683 | D:3      | Found a radiant altar of Vehumet.
  3732 | D:3      | Killed from afar by an orc priest

Action                   |  1- 3 |  4- 6 || total
-------------------------+-------+-------++-------
Melee: Short sword       |    30 |       ||    30
       Unarmed           |     2 |       ||     2
       Dagger            |    53 |    86 ||   139
Throw: Dart              |     4 |     6 ||    10
 Cast: Beastly Appendage |     1 |       ||     1
  Use: Scroll            |     5 |     4 ||     9
       Potion            |       |     5 ||     5
 Stab: Sleeping          |     9 |     2 ||    11
